 Dungeon Crawl Stone Soup version 0.30-a0-187-gd9c2deaf24 (webtiles) character file.

Game seed: 9095365819192982192

17243 Nerdsrcool the Spear-Bearer (level 12, -8/106 HPs)
             Began as a Minotaur Monk on Sept 30, 2022.
             Was a High Priest of Kikubaaqudgha.
             Mangled by a cane toad (10 damage)
             ... on level 1 of the Lair of Beasts on Oct 3, 2022.
             The game lasted 01:55:53 (15523 turns).

Nerdsrcool the Spear-Bearer (Minotaur Monk)        Turns: 15523, Time: 01:55:54

Health: -8/106     AC: 26    Str: 19    XL:     12   Next: 17%
Magic:  11/11      EV:  9    Int:  7    God:    Kikubaaqudgha [*****.]
Gold:   631        SH:  0    Dex: 21    Spells: 11/11 levels left

rFire   + . .      SeeInvis .    A - +7 halberd
rCold   + . .      Faith    .    (shield currently unavailable)
rNeg    . . .      Spirit   .    o - +2 plate armour
rPois   +          Reflect  .    (helmet restricted)
rElec   +          Harm     .    d - scarf {repulsion}
rCorr   +          Rampage  .    z - +2 pair of gloves
Will    .....                    (no boots)
Stlth   ..........               (no amulet)
HPRegen 0.37/turn                q - +6 ring of dexterity
MPRegen 0.12/turn                u - +4 ring of protection

@: brilliant, lethally poisoned (-8 -> -8), resistant, flying, hasted, repel
missiles, very quick
A: horns 2, retaliatory headbutt, hooves 1, iridescent scales 1
a: Renounce Religion, Unearth Wretches, Torment


You were on level 1 of the Lair of Beasts.
You worshipped Kikubaaqudgha.
Kikubaaqudgha was extremely pleased with you.
You visited 3 branches of the dungeon, and saw 14 of its levels.

You collected 631 gold pieces.

Inventory:

Hand Weapons
 c - a +4 scimitar of flaming
 h - a +2 flail of draining
 i - a +2 spear of venom
 s - a +2 dagger of protection
 t - a +2 dagger of venom
 A - a +7 halberd (weapon)
 C - a +1 antimagic flail
 F - a +5 war axe
 P - a +2 battleaxe
 Q - a +5 flail
 U - a +4 eveningstar
 V - a +2 sling of freezing
Missiles
 f - 3 silver javelins
 l - 8 curare-tipped darts
 p - 56 stones
 G - 17 boomerangs (quivered)
 K - 12 large rocks
 M - 9 javelins
 X - 16 poisoned darts
Armour
 d - a scarf of repulsion (worn)
 o - a +2 plate armour (worn)
 z - a +2 pair of gloves (worn)
Jewellery
 a - a +4 ring of protection
 n - an amulet of guardian spirit
 q - a +6 ring of dexterity (left hand)
 u - a +4 ring of protection (right hand)
 y - a +6 ring of dexterity
 E - a +6 ring of dexterity
Wands
 b - a wand of mindburst (17)
 g - a wand of polymorph (9)
 k - a wand of digging (12)
 r - a wand of paralysis (2)
 v - a wand of iceblast (17)
 T - a wand of flame (20)
Scrolls
 j - a scroll of magic mapping
 w - 2 scrolls of immolation
 I - a scroll of vulnerability
 O - 2 scrolls of identify
 R - a scroll of amnesia
Potions
 e - 2 potions of magic
 x - a potion of flight
 B - a potion of haste
 J - a potion of mutation


   Skills:
 + Level 10.0 Fighting
 + Level 6.1 Long Blades
 + Level 14.9 Polearms
 + Level 4.8 Throwing
 + Level 11.7 Armour
 + Level 5.3 Dodging
 + Level 3.4 Stealth
 + Level 1.3 Necromancy
 + Level 3.2 Evocations


You had 11 spell levels left.
You didn't know any spells.
Your spell library contained the following spells:

 Spells                   Type           Power      Damage    Failure   Level
 Kiss of Death            Conj/Necr      4%         2d5       99%         1
 Necrotise                Necr           8%         1d4       99%         1
 Sting                    Tmut/Pois      0%         1d3       100%        1
 Cigotuvi's Dreadful Rot  Necr/Pois/Air  0%         N/A       100%        2
 Poisonous Vapours        Pois/Air       0%         N/A       100%        2
 Sublimation of Blood     Necr           2%         N/A       100%        2
 Wereblood                Tmut           0%         N/A       100%        2
 Dazzling Flash           Conj/Hex       0%         N/A       100%        3
 Animate Dead             Necr           2%         N/A       100%        4
 Dispel Undead            Necr           2%         3d7       100%        4
 Olgreb's Toxic Radiance  Pois           0%         N/A       100%        4
 Agony                    Necr           2%         N/A       100%        5
 Blade Hands              Tmut           0%         N/A       100%        5
 Borgnjor's Vile Clutch   Necr/Erth      0%         N/A       100%        5
 Irradiate                Conj/Tmut      0%         3d11      100%        5
 Silence                  Hex/Air        0%         N/A       100%        5
 Death Channel            Necr           1%         N/A       100%        6
 Simulacrum               Ice/Necr       0%         N/A       100%        6
 Dragon Form              Tmut           0%         N/A       100%        7
 Summon Hydra             Summ           0%         N/A       100%        7


Dungeon Overview and Level Annotations

Branches:
Dungeon (11/15)            Temple (1/1) D:4            Lair (2/5) D:11
    Orc (0/2) D:10
  Swamp: Lair:2-3    Shoals: Lair:2-3     Snake: Lair:2-3    Spider: Lair:2-3

Altars:
Ashenzari
Cheibriados
Dithmenos
Elyvilon
Fedhas
Gozag
Hepliaklqana
Kikubaaqudgha
Makhleb
Nemelex Xobeh
Okawaru
Qazlal
Ru
Sif Muna
Trog
Uskayaw
Vehumet
Wu Jian
Xom
Yredelemnul
Zin
The Shining One

Shops:
D:3 :   D:6 ?(

Portals:
Volcano: Lair:1


Innate Abilities, Weirdness & Mutations

You have a pair of horns on your head.
You reflexively headbutt those who attack you in melee.
You have large cloven feet.
You are partially covered in iridescent scales. (AC +2)


Message History

The cane toad closely misses you. You furiously retaliate!
You headbutt the cane toad! The bullfrog hits you.
* * * LOW HITPOINT WARNING * * *
Blink to where?
Press: ? - help, Q - select action, (/) - cycle Dir - move target
As you read the scroll of blinking, it crumbles to dust.
* * * LOW HITPOINT WARNING * * *
You feel very sick.
There are monsters nearby!
You feel protected.
* * * LOW HITPOINT WARNING * * *
You feel sick.
You feel yourself speed up.
* * * LOW HITPOINT WARNING * * *
You feel sick.
You feel clever all of a sudden.
You feel sick.
You are too injured to fight recklessly!
You feel very buoyant.
You fly up into the air.
You feel sick.
The bullfrog hits you but does no damage.
The bullfrog attacks as you move away!
The bullfrog hits you but does no damage.
You feel sick.
There is a stone staircase leading down here.
The bullfrog hits you but does no damage.
You fly downwards.
You feel sick.
There is a stone staircase leading up here.
You can't go down here!
The bullfrog hits you but does no damage.
You fly upwards.
You feel an oppressive heat about you.
There is an entrance to a volcano on this level.
Hurry and find it before the entrance collapses!
You feel sick.
There is a stone staircase leading down here.
You feel sick. The bullfrog barely misses you. You furiously retaliate!
You headbutt the bullfrog, but do no damage.
The cane toad stings you!
You die...
Kikubaaqudgha rasps: "You have failed me!
Welcome... death!"

#.....................†...=....
.#.............................
###............................
###.#######...........#######
### ##.........## ##.........#
#....).....# ##..F......#
#P.F@......# #..........##
##..........# #.........##
###########


You could see a cane toad and a bullfrog.

Vanquished Creatures
  Urug (D:10)
  3 two-headed ogres
  A wizard (D:10)
  2 deep elf pyromancers
  The ghost of ragingrage the Zephyrmancer, a novice TeAE of Vehumet (D:7)
  A manticore (D:11)
  A cyclops (D:11)
  2 oklob plants (D:11)
  A black mamba (Lair:1)
  An efreet (D:10)
  2 komodo dragons
  4 trolls
  5 slime creatures (D:11)
  21 yaks
  Grum (Lair:1)
  3 steam dragons
  Edmund (D:4)
  Menkaure (D:4)
  An acid dragon (D:10)
  6 water moccasins
  An ice beast (D:6)
  A black bear (D:6)
  5 orc warriors
  8 wolves (Lair:1)
  2 centaurs
  An ogre (D:7)
  A kobold brigand (D:11)
  10 bullfrogs
  4 scorpions
  12 wights
  3 killer bees (D:10)
  An electric eel (Lair:1)
  2 howler monkeys
  A crimson imp (D:10)
  2 lava snakes (D:10)
  5 orc priests
  4 hounds
  3 iguanas
  A gnoll bouda (D:7)
  Natasha (thrice) (D:2)
  11 orc wizards
  A statue (D:4)
  9 gnolls
  10 adders
  4 shadow imps
  3 ufetubi
  A worm (D:2)
  4 dart slugs
  39 orcs
  3 bats
  3 endoplasms
  A giant cockroach (D:3)
  7 hobgoblins
  4 jackals (D:5)
  5 kobolds
  7 quokkas
  7 ball pythons
  2 frilled lizards
  5 goblins
  6 rats
261 creatures vanquished.

Vanquished Creatures (others)
  A dart slug (D:6)
  A ball python (D:3)
  A hobgoblin (D:3)
  3 bats (D:6)
  A fungus (Lair:1)
  12 plants
19 creatures vanquished.

Grand Total: 280 creatures vanquished

Notes
Turn   | Place    | Note
-------+----------+-------------------------------------------
     0 | D:1      | Nerdsrcool the Minotaur Monk began the quest for the Orb.
     0 | D:1      | Reached XP level 1. HP: 19/19 MP: 0/0
   667 | D:1      | Found a faded altar of an unknown god.
   732 | D:1      | Prayed at the altar of an unknown god.
   732 | D:1      | Became a worshipper of Kikubaaqudgha
   732 | D:1      | Reached * piety under Kikubaaqudgha
   732 | D:1      | Received a gift from Kikubaaqudgha
   732 | D:1      | Reached ** piety under Kikubaaqudgha
   799 | D:1      | Reached XP level 2. HP: 27/27 MP: 1/1
  1382 | D:2      | Found a stormy altar of Qazlal.
  1413 | D:2      | Reached *** piety under Kikubaaqudgha
  1413 | D:2      | Received a gift from Kikubaaqudgha
  1416 | D:2      | Reached XP level 3. HP: 19/33 MP: 2/2
  1717 | D:2      | Noticed Natasha
  1724 | D:2      | Killed Natasha
  1725 | D:2      | Reached XP level 4. HP: 33/41 MP: 3/3
  1726 | D:2      | Reached skill level 1 in Armour
  1962 | D:2      | Noticed Natasha
  1981 | D:2      | Killed Natasha
  2159 | D:2      | Noticed Natasha
  2165 | D:2      | Killed Natasha
  2166 | D:2      | Reached skill level 5 in Long Blades
  2337 | D:3      | Reached XP level 5. HP: 47/47 MP: 4/4
  2419 | D:3      | Found Ineudas's Vocational Training.
  3218 | D:4      | Noticed Edmund
  3251 | D:4      | Noticed Menkaure
  3280 | D:4      | Killed Edmund
  3280 | D:4      | HP: 1/39 [Menkaure (2)]
  3613 | D:4      | Killed Menkaure
  3614 | D:4      | Reached skill level 1 in Polearms
  3614 | D:4      | Reached XP level 6. HP: 26/55 MP: 5/5
  4107 | D:4      | Found a bloodstained altar of Trog.
  4167 | D:4      | Reached skill level 5 in Fighting
  4292 | D:4      | Found a radiant altar of Vehumet.
  4449 | D:4      | Reached XP level 7. HP: 61/61 MP: 6/6
  4764 | D:4      | Found a staircase to the Ecumenical Temple.
  4774 | Temple   | Entered the Ecumenical Temple
  5102 | D:5      | Entered Level 5 of the Dungeon
  5237 | D:5      | Reached skill level 2 in Polearms
  5318 | D:5      | Reached **** piety under Kikubaaqudgha
  5319 | D:5      | Reached skill level 3 in Polearms
  5528 | D:5      | Reached skill level 4 in Polearms
  5912 | D:5      | Gained mutation: You do not regenerate when monsters are
                  | visible. [potion of mutation]
  5912 | D:5      | Gained mutation: Your mind is acute. (Int +4, Str/Dex -1)
                  | [potion of mutation]
  6111 | D:6      | Found Filamuac's Magic Scroll Shoppe.
  6163 | D:6      | Noticed a yak
  6164 | D:6      | Found a shimmering blue altar of Sif Muna.
  6165 | D:6      | Noticed a troll
  6171 | D:6      | Found a transporter.
  6438 | D:6      | Reached skill level 5 in Polearms
  6486 | D:6      | Reached XP level 8. HP: 54/70 MP: 7/7
  6489 | D:6      | Reached skill level 5 in Armour
  6499 | D:6      | HP: 3/70 [poisoned by an adder]
  6501 | D:6      | HP: 1/70 [poisoned by an adder]
  6970 | D:6      | Lost mutation: Your mind is acute. (Int +4, Str/Dex -1)
                  | [potion of mutation]
  6970 | D:6      | Lost mutation: You do not regenerate when monsters are
                  | visible. [potion of mutation]
  6970 | D:6      | Gained mutation: You are partially covered in iridescent
                  | scales. (AC +2) [potion of mutation]
  6970 | D:6      | Gained mutation: You have large cloven feet. [potion of
                  | mutation]
  7007 | D:6      | Found a transporter.
  7075 | D:6      | Reached skill level 6 in Polearms
  7078 | D:6      | Killed a troll
  7079 | D:6      | Reached skill level 7 in Polearms
  7268 | D:6      | Found Jiczodud's Weapon Shop.
  7305 | D:6      | Reached skill level 1 in Necromancy
  7306 | D:6      | Reached XP level 9. HP: 27/78 MP: 4/8
  7400 | D:6      | Reached skill level 1 in Throwing
  8193 | D:7      | Noticed ragingrage's ghost (novice TeAE)
  8197 | D:7      | Found a runed translucent door.
  8380 | D:7      | Reached skill level 8 in Polearms
  8383 | D:7      | Reached skill level 5 in Dodging
  8383 | D:7      | Reached skill level 1 in Evocations
  9415 | D:7      | Killed ragingrage's ghost
  9416 | D:7      | Reached skill level 9 in Polearms
  9862 | D:8      | Reached XP level 10. HP: 86/86 MP: 9/9
  9876 | D:8      | Reached skill level 10 in Polearms
 10073 | D:8      | Found a burning altar of Makhleb.
 10778 | D:9      | Noticed a two-headed ogre
 10788 | D:9      | Killed a two-headed ogre
 10914 | D:9      | Reached skill level 11 in Polearms
 10973 | D:9      | Noticed a deep elf pyromancer
 10983 | D:9      | Reached skill level 10 in Armour
 11098 | D:9      | Found a broken altar of Ashenzari.
 11142 | D:9      | Killed a deep elf pyromancer
 11142 | D:9      | Reached ***** piety under Kikubaaqudgha
 11185 | D:9      | Reached skill level 12 in Polearms
 11851 | D:10     | Entered Level 10 of the Dungeon
 11859 | D:10     | Found a snail-covered altar of Cheibriados.
 11900 | D:10     | Noticed a two-headed ogre
 12004 | D:10     | Killed a two-headed ogre
 12005 | D:10     | Reached XP level 11. HP: 88/95 MP: 10/10
 12093 | D:10     | Noticed Urug
 12106 | D:10     | Killed Urug
 12148 | D:10     | HP: 1/95 [acid dragon/splash of acid (17)]
 12797 | D:10     | Found a staircase to the Orcish Mines.
 13086 | D:10     | Noticed a wizard
 13096 | D:10     | Killed a wizard
 13097 | D:10     | Reached skill level 13 in Polearms
 13293 | D:11     | Noticed a two-headed ogre
 13299 | D:11     | Killed a two-headed ogre
 13448 | D:11     | Found a staircase to the Lair.
 13453 | D:11     | Upgraded the game from 0.30-a0-170-g85af917532 to
                  | 0.30-a0-172-gc5509c9e31
 13456 | D:11     | Noticed an oklob plant
 13456 | D:11     | Noticed an oklob plant
 13495 | D:11     | Noticed a deep elf pyromancer
 13502 | D:11     | Killed a deep elf pyromancer
 14079 | D:11     | Killed an oklob plant
 14376 | D:11     | Upgraded the game from 0.30-a0-172-gc5509c9e31 to
                  | 0.30-a0-177-g1cb5dbfd7a
 14557 | D:11     | Reached skill level 14 in Polearms
 14575 | D:11     | Upgraded the game from 0.30-a0-177-g1cb5dbfd7a to
                  | 0.30-a0-187-gd9c2deaf24
 14851 | D:11     | Killed an oklob plant
 14865 | Lair:1   | Entered Level 1 of the Lair of Beasts
 14880 | Lair:1   | Reached XP level 12. HP: 83/106 MP: 11/11
 15072 | Lair:1   | Found a dark tunnel.
 15099 | Lair:1   | Noticed Grum
 15111 | Lair:1   | Killed Grum
 15512 | Lair:1   | Reached skill level 10 in Fighting
 15517 | Lair:1   | HP: 5/106 [poisoned by a cane toad]
 15522 | Lair:1   | HP: 3/106 [poisoned by a cane toad]
 15523 | Lair:1   | Mangled by a cane toad

Illustrated notes

Levels and vault maps discovered:
D:1:      tarquinn_simple_flora_water_e, layout_basic, basic_ecumenical_altar,
          minmay_tree_intersection, skrybe_limestone_x
D:2:      layout_loops_ring, basic_altar, uniq_natasha
D:3:      layout_basic, nicolae_shop_vocational
D:4:      layout_basic, vehumet_statue, mainiacjoe_overflow_tiny_flanked,
          lemuel_temple_firewalk_b, kennysheep_small_circle, uniq_edmund,
          uniq_menkaure
D:5:      layout_basic
D:6:      layout_gridville, gammafunk_temple_overflow_arena, serial_shops, shop,
          nicolae_shop_competitors_out_of_business
D:7:      layout_gridville, hellmonk_ghost_happy_afterlife
D:8:      layout_cave_pods, general_overflow_altar
D:9:      layout_big_octagon, ashenzari_conservatory_becter
D:10:     layout_rooms, mainiacjoe_overflow_cross_hatched, orc_0_dummy,
          serial_glass, glass_columns_a, glass_columns_b,
          kennysheep_small_spiral, dk_vineyard_2, lightli_wizard_tower,
          uniq_urug
D:11:     layout_roguey, dpeg_oklobed_lair, minmay_misc_feat_chi
Temple:   lightli_temple_of_artemis
Lair:1:   layout_hall_layers, lightli_volcano_entry_magma_tube,
          serial_bayou_pond_b, nicolae_quartered_pool_medium, minivault_27,
          uniq_grum
Lair:2:   layout_gridlike, skrybe_swamp_entry_bodies,
          nicolae_spider_entry_non_spiders, infiniplex_staircase_pool,
          uniq_gastronok

Skill      XL: |  1  2  3  4  5  6  7  8  9 10 11 12 |
---------------+-------------------------------------+-----
Fighting       | 4 5 6 7 8 9 10 | 10.0
Long Blades    | 4 5 6 |  6.1
Armour         | 1 3 4 7 9 10 11 | 11.7
Dodging        | 4 5 |  5.3
Polearms       | 1 5 7 9 12 14 | 14.9
Stealth        | 2 3 |  3.4
Necromancy     | 1 |  1.3
Throwing       | 1 2 4 |  4.8
Evocations     | 2 3 |  3.2

Action                   |  1- 3 |  4- 6 |  7- 9 | 10-12 || total
-------------------------+-------+-------+-------+-------++-------
Melee: Falchion          |    60 |    67 |       |       ||   127
       Headbutt          |    15 |    22 |    49 |    84 ||   170
       Spear             |       |    57 |   214 |       ||   271
       Punch             |       |     2 |     2 |       ||     4
       Kick              |       |       |    44 |   106 ||   150
       Halberd           |       |       |    53 |   356 ||   409
Throw: Stone             |    17 |     2 |     8 |    41 ||    68
       Boomerang         |       |       |       |    51 ||    51
Invok: Unearth Wretches  |       |     2 |     2 |       ||     4
Evoke: Wand              |       |       |    10 |    14 ||    24
  Use: Scroll            |     2 |     5 |    13 |     9 ||    29
       Potion            |       |     4 |    11 |     8 ||    23
 Stab: Sleeping          |     2 |       |       |       ||     2
       Paralysed         |       |     2 |       |       ||     2
       Distracted        |       |     1 |       |       ||     1
       Fleeing           |       |       |       |     1 ||     1
       Invisible         |       |       |       |     1 ||     1
Armor: Robe              |     4 |       |       |       ||     4
       Leather armour    |     4 |       |       |       ||     4
       Plate armour      |    13 |   101 |   206 |   205 ||   525
       Skin              |       |       |    10 |       ||    10
Dodge: Dodged            |    37 |    31 |   100 |   170 ||   338
       Repelled          |       |     1 |     1 |     9 ||    11

Table legend: (Time is in decaauts)
 A = Elapsed time spent in this place.
 B = Non-inter-level travel time spent in this place.
 C = Inter-level travel time spent in this place.
 D = Time resting spent in this place.
 E = Time spent auto-exploring this place.
 F = Levels seen in this place.
 G = Mean time per level.
                   A        B        C        D        E       F      G
               +--------+--------+--------+--------+--------+-----+--------+
         Total |  15460 |  15312 |    148 |   4225 |   6498 |  14 | 1104.3 |
       Dungeon |  14642 |  14494 |    148 |   4062 |   6171 |  11 | 1331.1 |
        Temple |    182 |    182 |      0 |      0 |     74 |   1 |  182.0 |
          Lair |    636 |    636 |      0 |    163 |    253 |   2 |  318.0 |
               +--------+--------+--------+--------+--------+-----+--------+

Top non-repeatable levels by time:
     D:6: 2045 daAuts
    D:11: 1700 daAuts
     D:7: 1539 daAuts
     D:4: 1400 daAuts
     D:1: 1328 daAuts
    D:10: 1293 daAuts
     D:3: 1187 daAuts
     D:9: 1072 daAuts
     D:8: 1052 daAuts
     D:2: 1016 daAuts
     D:5: 1005 daAuts
  Lair:1: 635 daAuts
  Temple: 182 daAuts
  Lair:2: 1 daAuts
